Map: Dusk Towers

Players

SticklerMac - Winner!

  • Race: Zerg Zerg
  • League: Diamond

CubanBurrito

  • Race: Zerg Zerg
  • League: Diamond

VOD

https://www.youtube.com/watch?v=TlRSPe26J0E

Description

13/12 vs hatch/gas/pool

Time

  • Played on: Dec. 16, 2015, 9:38 a.m.
  • Length: 4:25
Show
View Real Time Build Order
Export as new Build Order

SticklerMac Zerg - Winner!

Build Orders: Hatch First, Zergling Baneling 

Get SALT Encoding   

  12  0:01  Drone  
  13  0:13  Overlord  
  13  0:17  Drone  
  14  0:31  Drone x2  
  16  0:36  Drone  
  17  0:55  Hatchery  
  16  0:59  Drone x2  
  16  1:02  Extractor  
  17  1:16  Spawning Pool  
  16  1:24  Drone x2  
  18  1:29  Drone  
  19  1:40  Overlord  
  19  2:03  Metabolic Boost  
  19  2:04  Queen  
  19  2:07  Queen  
  23  2:09  Zergling x4  
  23  2:12  Drone  
  23  2:15  Drone  
  27  2:19  Drone  
  28  2:27  Zergling x2  
  29  2:31  Spine Crawler  
  29  2:36  Zergling x4  
  30  2:46  Zergling x4  
  32  2:55  Zergling x4  
  29  3:00  Zergling x2  
  29  3:02  Baneling Nest  
  29  3:05  Zergling x2  
  29  3:07  Queen  
  31  3:18  Zergling x6  
  30  3:29  Zergling x6  
  33  3:41  Spine Crawler  
  33  3:43  Zergling x4  
  34  3:51  Baneling x5  
  34  4:00  Baneling  
  34  4:02  Baneling x4  
Show
View Real Time Build Order
Export as new Build Order

CubanBurrito Zerg 

Build Orders: Pool First 

Get SALT Encoding   

  12  0:01  Drone  
  13  0:16  Extractor  
  12  0:24  Spawning Pool  
  12  0:27  Drone  
  12  0:32  Drone  
  13  0:43  Overlord  
  13  0:52  Drone  
  14  1:12  Zergling x4  
  14  1:13  Zergling x2  
  17  1:19  Metabolic Boost  
  17  1:27  Queen  
  19  1:33  Zergling x2  
  19  1:36  Zergling x2  
  21  1:44  Overlord  
  21  1:54  Baneling Nest  
  21  1:59  Zergling x2  
  21  2:08  Zergling x2  
  22  2:24  Zergling x2  
  23  2:33  Zergling x2  
  24  2:37  Overlord  
  24  2:41  Zergling x4  
  26  2:44  Baneling x2  
  23  3:05  Zergling x6  
  25  3:28  Baneling  
  25  3:29  Baneling  
  25  3:30  Baneling  
  25  3:32  Zergling x6  
  27  3:54  Drone  
  28  4:05  Hatchery  
Tags
 
Add a new tag
Caveats
  • Supply blocks, unpowered buildings, or Contaminate may cause inaccurate times.
  • Supply counts are checked every 10 seconds.